 Dungeon Crawl Stone Soup version 0.29-a0-819-g94b489e0ae (webtiles) character file.

Game seed: 561212437177282471

996 RevDB the Skirmisher (level 7, -3/38 HPs)
             Began as a Deep Elf Arcane Marksman on July 6, 2022.
             Slain by an orc warrior
             ... wielding a +0 long sword
              (18 damage)
             ... on level 5 of the Dungeon.
             The game lasted 01:11:17 (5602 turns).

RevDB the Skirmisher (Deep Elf Arcane Marksman)     Turns: 5602, Time: 01:11:18

Health: -3/38      AC:  4    Str:  7    XL:     7   Next: 99%
Magic:  17/18      EV: 13    Int: 18    God:
Gold:   256        SH:  0    Dex: 17    Spells: 4/18 levels left

rFire   . . .      SeeInvis .   b - +0 longbow
rCold   + . .      Faith    .   (shield currently unavailable)
rNeg    . . .      Spirit   .   c - +0 robe
rPois   .          Reflect  .   (no helmet)
rElec   .          Harm     .   G - +0 cloak
rCorr   .          Rampage  .   (no gloves)
Will    .....                   y - +0 pair of boots
Stlth   ++........              (no amulet)
HPRegen 0.12/turn               t - ring of flight
MPRegen 0.16/turn               v - ring of protection from cold

@: flying
A: no striking features
a: no special abilities


You were on level 5 of the Dungeon.
You visited 1 branch of the dungeon, and saw 5 of its levels.
You also visited: Sewer.

You collected 256 gold pieces.

Inventory:

Hand Weapons
 a - a +0 sling
 b - a +0 longbow (weapon)
 h - a +0 dagger
 z - a +2 quarterstaff of chaos
 C - a +1 flail of protection
Armour
 c - a +0 robe (worn)
 g - a scarf of repulsion
 m - a +0 cloak
 x - an orb of light
 y - a +0 pair of boots (worn)
 G - a +0 cloak (worn)
 H - a +2 leather armour of cold resistance
Magical Staves
 n - a staff of conjuration
Jewellery
 i - an amulet of faith
 t - a ring of flight (left hand)
 v - a ring of protection from cold (right hand)
 E - a ring of protection from fire
Scrolls
 d - 3 scrolls of fear
 e - 3 scrolls of blinking
 f - 2 scrolls of vulnerability
 j - 5 scrolls of enchant armour
 o - 3 scrolls of fog
 p - a scroll of enchant weapon {unknown}
 u - a scroll of teleportation {unknown}
 B - a scroll of identify
 D - 2 scrolls of amnesia {unknown}
Potions
 k - 3 potions of mutation {unknown}
 l - 5 potions of brilliance {unknown}
 q - a potion of heal wounds {unknown}
 r - 2 potions of might {unknown}
 s - a potion of cancellation {unknown}
 w - 2 potions of attraction {unknown}
 A - a potion of degeneration {unknown}
 F - a potion of lignification {unknown}


   Skills:
 - Level 1.0 Fighting
 + Level 9.1 Ranged Weapons
 - Level 3.0 Dodging
 - Level 6.0 Spellcasting
 - Level 6.0 Hexes
 - Level 2.3 Translocations
 + Level 0.1 Fire Magic


You had 4 spell levels left.
You knew the following spells:

 Your Spells              Type           Power      Damage    Failure   Level
a - Slow                  Hex            100%       N/A       1%          1
b - Confusing Touch       Hex            27%        N/A       3%          3
c - Inner Flame           Hex/Fire       16%        N/A       11%         3
d - Cause Fear            Hex            13%        N/A       10%         4
e - Portal Projectile     Hex/Tloc       40%        N/A       6%          3

Your spell library contained the following spells:

 Spells                   Type           Power      Damage    Failure   Level
 Necrotise                Necr           20%        1d5       12%         1
 Frozen Ramparts          Ice            10%        1d3       34%         3
 Stone Arrow              Conj/Erth      10%        3d7       34%         3
 Vampiric Draining        Necr           5%         2d6       34%         3
 Animate Armour           Summ/Erth      10%        N/A       75%         4
 Ice Form                 Ice/Tmut       5%         N/A       75%         4
 Summon Ice Beast         Ice/Summ       5%         N/A       75%         4
 Agony                    Necr           5%         N/A       97%         5
 Lehudib's Crystal Spear  Conj/Erth      2%         10d2      100%        8


Dungeon Overview and Level Annotations

Branches:
Dungeon (5/15)              Sewer (visited)
 Temple: D:4-7

Altars:


Message History

Fire: b) +0 longbow
Press: ? - help, Q - select action, (/) - cycle Shift-Dir - straight line You shoot an arrow.
The arrow closely misses the orc warrior.
Fire: b) +0 longbow
Press: ? - help, Q - select action, (/) - cycle Shift-Dir - straight line You shoot an arrow.
The arrow hits the orc warrior!
The orc warrior is moderately wounded.
Fire: b) +0 longbow
Press: ? - help, Q - select action, (/) - cycle Shift-Dir - straight line You shoot an arrow.
The arrow completely misses the orc warrior.
The orc warrior hits you with a +0 long sword.
Fire: b) +0 longbow
Press: ? - help, Q - select action, (/) - cycle Shift-Dir - straight line
Okay, then.
The orc warrior attacks as you move away!
The orc warrior hits you with a +0 long sword!
The orc warrior attacks as you move away!
The orc warrior hits you with a +0 long sword.
Fire: b) +0 longbow
Press: ? - help, Q - select action, (/) - cycle Shift-Dir - straight line You shoot an arrow.
The arrow closely misses the orc warrior.
The orc warrior closely misses you.
Fire: b) +0 longbow
Press: ? - help, Q - select action, (/) - cycle Shift-Dir - straight line, f - orc warrior
Aim: an orc warrior, wielding a +0 long sword and wearing a +0 plate armour (moderately wounded, 62% to hit)
You shoot an arrow.
The arrow hits the orc warrior but does no damage.
The orc warrior is moderately wounded.
The orc warrior barely misses you.
You are too injured to fight recklessly!
Fire: b) +0 longbow
Press: ? - help, Q - select action, (/) - cycle Shift-Dir - straight line, f/p - orc warrior
Aim: an orc warrior, wielding a +0 long sword and wearing a +0 plate armour (moderately wounded, 62% to hit)
You shoot an arrow. The arrow hits the orc warrior.
The orc warrior is heavily wounded.
The orc warrior hits you with a +0 long sword!!
You die...

.# #.#######.# .#
#######.......#.#
.###...............#
.....###########.###
###### #.# #.# #.# .
#o# .. #@# ## #.#
#<# ###


You could see an orc warrior.

Vanquished Creatures
  Menkaure (D:4)
  Duvessa (D:4)
  Pargi (Sewer)
  A black bear (D:4)
  A phantom (D:4)
  Blork the orc (D:4)
  A necrophage (D:4)
  Dowan (D:4)
  A hound (D:5)
  Crazy Yiuf (D:2)
  An orc priest (D:4)
  An iguana (D:4)
  2 orc wizards
  3 gnolls (D:4)
  A river rat (D:3)
  3 adders
  2 ufetubi
  A worm (D:3)
  3 dart slugs
  16 orcs
  7 ball pythons
  4 bats
  6 endoplasms
  6 giant cockroaches
  2 goblins
  3 hobgoblins
  7 kobolds
  A quokka (D:3)
  6 frilled lizards
  3 rats (D:3)
88 creatures vanquished.

Notes
Turn   | Place    | Note
-------+----------+-------------------------------------------
     0 | D:1      | RevDB the Deep Elf Arcane Marksman began the quest for the
                  | Orb.
     0 | D:1      | Reached XP level 1. HP: 11/11 MP: 5/5
    62 | D:1      | Reached skill level 1 in Fighting
    62 | D:1      | Reached skill level 3 in Ranged Weapons
   184 | D:1      | Reached XP level 2. HP: 15/16 MP: 4/6
  1334 | D:2      | Reached skill level 4 in Ranged Weapons
  1534 | D:2      | Found a runed translucent door.
  1535 | D:2      | Noticed Crazy Yiuf
  1614 | D:2      | Killed Crazy Yiuf
  1615 | D:2      | Reached XP level 3. HP: 20/20 MP: 4/8
  1717 | D:2      | Found a faded altar of an unknown god.
  1843 | D:3      | Reached skill level 5 in Ranged Weapons
  1940 | D:3      | Reached XP level 4. HP: 23/25 MP: 9/9
  2003 | D:3      | Found a glowing drain.
  2007 | Sewer    | Entered a sewer
  2014 | Sewer    | Learned a level 3 spell: Confusing Touch
  2018 | Sewer    | Learned a level 3 spell: Inner Flame
  2040 | Sewer    | Noticed Pargi
  2056 | Sewer    | HP: 1/25 [Pargi (4)]
  2482 | Sewer    | Killed Pargi
  2483 | Sewer    | Reached skill level 7 in Ranged Weapons
  2483 | Sewer    | Reached XP level 5. HP: 20/29 MP: 4/10
  3802 | D:4      | Noticed a phantom
  3924 | D:4      | Killed a phantom
  3925 | D:4      | Reached skill level 8 in Ranged Weapons
  3925 | D:4      | Reached XP level 6. HP: 28/34 MP: 3/11
  4078 | D:5      | Entered Level 5 of the Dungeon
  4169 | D:4      | Reached skill level 5 in Hexes
  4285 | D:4      | Noticed Blork the orc
  4308 | D:4      | Killed Blork the orc
  4309 | D:4      | Reached XP level 7. HP: 23/38 MP: 7/14
  4439 | D:4      | Learned a level 4 spell: Cause Fear
  4572 | D:4      | Reached skill level 5 in Spellcasting
  4732 | D:4      | Noticed Menkaure
  4738 | D:4      | Killed Menkaure
  4743 | D:4      | Learned a level 3 spell: Portal Projectile
  4950 | D:4      | Noticed Duvessa
  4951 | D:4      | Noticed Dowan
  4972 | D:4      | Killed Duvessa
  4977 | D:4      | Killed Dowan
  4978 | D:4      | Reached skill level 9 in Ranged Weapons
  5602 | D:5      | Slain by an orc warrior

Illustrated notes

Levels and vault maps discovered:
D:1:      minmay_arrival_radiant_lines, layout_loops_corners,
          amcnicky_mini_corridor_feature
D:2:      layout_loops_ring, basic_ecumenical_altar, uniq_crazy_yiuf_cottage
D:3:      layout_loops_cross, gup_sewer_entry_spiral
D:4:      layout_loops_corners, uniq_blork_the_orc, uniq_menkaure, uniq_duvessa
D:5:      layout_loops_ring, grunt_qazlal_clouds,
          minmay_temple_entry_statues_pillars, bh_walls_and_bars, uniq_ijyb

Skill      XL: |  1  2  3  4  5  6  7 |
---------------+----------------------+-----
Fighting       | 1 |  1.0
Ranged Weapons | 3 4 5 7 8 9 |  9.1
Dodging        | 3 |  3.0
Spellcasting   | 2 3 6 |  6.0
Hexes          | 6 |  6.0
Translocations | 2 |  2.3
Fire Magic     | |  0.1

Action                   |  1- 3 |  4- 6 |  7- 9 || total
-------------------------+-------+-------+-------++-------
Melee: Dagger            |    57 |       |       ||    57
       Quarterstaff      |    16 |    46 |       ||    62
       Sling             |       |     2 |       ||     2
       Longbow           |       |       |     2 ||     2
 Fire: Sling             |    57 |    41 |     8 ||   106
       Longbow           |       |    32 |    91 ||   123
 Cast: Slow              |    24 |    35 |    20 ||    79
       Confusing Touch   |       |     2 |     1 ||     3
       Inner Flame       |       |     8 |     8 ||    16
       Cause Fear        |       |       |     1 ||     1
       Portal Projectile |       |       |     1 ||     1
  Use: Scroll            |     3 |     2 |       ||     5
 Stab: Sleeping          |     3 |     2 |       ||     5
Armor: Robe              |     9 |     9 |     8 ||    26
Dodge: Dodged            |    56 |    46 |    31 ||   133

Table legend: (Time is in decaauts)
 A = Elapsed time spent in this place.
 B = Non-inter-level travel time spent in this place.
 C = Inter-level travel time spent in this place.
 D = Time resting spent in this place.
 E = Time spent auto-exploring this place.
 F = Levels seen in this place.
 G = Mean time per level.
                   A        B        C        D        E       F      G
               +--------+--------+--------+--------+--------+-----+--------+
         Total |   5730 |   5615 |    115 |   1110 |   1055 |   6 |  955.0 |
       Dungeon |   5127 |   5012 |    115 |    703 |   1055 |   5 | 1025.4 |
         Sewer |    603 |    603 |      0 |    407 |      0 |   1 |  603.0 |
               +--------+--------+--------+--------+--------+-----+--------+

Top non-repeatable levels by time:
     D:4: 1736 daAuts
     D:1: 1285 daAuts
     D:3: 960 daAuts
     D:2: 847 daAuts
   Sewer: 603 daAuts
     D:5: 298 daAuts
